 Dungeon Crawl Stone Soup version 0.24.0-37-gcf1ca852f1 (webtiles) character file.

Game seed: 4673247215957715196, levelgen mode: deterministic

74 Kobolds4U the Sneak (level 4, -2/24 HPs)
             Began as a Deep Elf Conjurer on Dec 7, 2019.
             Slain by an adder (4 damage)
             ... on level 2 of the Dungeon.
             The game lasted 00:06:11 (1816 turns).

Kobolds4U the Sneak (Deep Elf Conjurer)             Turns: 1816, Time: 00:06:11

Health: -2/24      AC:  3    Str:  8 (11) XL:     4   Next: 9%
Magic:  8/11       EV: 13    Int: 18 (20) God:
Gold:   53         SH:  0    Dex: 14 (15) Spells: 4/10 levels left

rFire    . . .     SeeInvis .   j - +0 short sword
rCold    . . .     Gourm    .   (no shield)
rNeg     + . .     Faith    .   a - +0 robe
rPois    .         Spirit   .   (no helmet)
rElec    .         Reflect  .   (no cloak)
rCorr    .         Harm     .   (no gloves)
MR       .....                  d - +0 pair of boots
Stlth    +++.......             (no amulet)
HPRegen  0.08/turn              b - ring of positive energy
MPRegen  0.12/turn              (no ring)

@: mighty, lethally poisoned (-2 -> -7)
A: no striking features
a: no special abilities


You were on level 2 of the Dungeon.
You were hungry.

You visited 1 branch of the dungeon, and saw 2 of its levels.

You collected 53 gold pieces.

Inventory:

Hand Weapons
 j - a +0 short sword (weapon)
Armour
 a - a +0 robe (worn)
 d - a +0 pair of boots (worn)
Jewellery
 b - a ring of positive energy (left hand)
Scrolls
 e - 2 scrolls of remove curse {unknown}
 i - a scroll of enchant weapon {unknown}
 k - 3 scrolls of immolation {unknown}
Comestibles
 c - 5 rations
 h - 5 chunks of flesh


   Skills:
 - Level 2.4 Dodging
 * Level 5.2 Stealth
 + Level 3.8 Spellcasting
 - Level 4.3 Conjurations


You had 4 spell levels left.
You knew the following spells:

 Your Spells              Type           Power        Failure   Level  Hunger
a - Magic Dart            Conj           ###.         2%          1    None
b - Searing Ray           Conj           ###...       3%          2    ##.....
c - Dazzling Spray        Conj/Hex       ##....       19%         3    ###....

Your spell library contained the following spells:

 Spells                   Type           Power        Failure   Level  Hunger
 Iskenderun's Mystic Bla  Conj           ###.....     24%         4    ####...
 Force Lance              Conj/Tloc      ##......     52%         4    ####...
 Fulminant Prism          Conj/Hex       ##........   52%         4    ####...


Dungeon Overview and Level Annotations

Branches:
Dungeon (2/15)

Altars:
Cheibriados
Hepliaklqana


Message History

It was a potion of degeneration.
There was something very wrong with that liquid.
You feel weakened.
You feel dopey.
You feel clumsy. The bat misses you.
It was a potion of might.
You feel very mighty all of a sudden.
* * * LOW HITPOINT WARNING * * *
You feel sick. The bat hits you but does no damage. The bat closely misses you.
Casting: Magic Dart (safe; 2% risk of failure)
Confirm with . or Enter, or press ? or * to list all spells.
Aiming: Searing Ray (safe; 3% risk of failure)
Press: ? - help, Shift-Dir - straight line, p - bat The searing ray hits the bat.
You kill the bat! (Press . to maintain the ray.)
The searing ray hits the adder!
The adder is severely wounded.
* * * LOW HITPOINT WARNING * * *
You feel sick. The adder barely misses you. The adder bites you.
You die...

#.# #.....# .. #.# #.###.#
#. #.# #.#.... ##g## #.#
#.#.#.# #...# #.# #.....#
#####...### #.#####.....
..........## #........###
#.........###############.#
##.........gS@...........(.#
#..........#################
#.##....#.## #....#.#
#....#.# #.####.# ##### #.
#.. #.... # ### ##### #


You could see an adder and a goblin.

Vanquished Creatures
  3 adders (D:2)
  An ooze (D:1)
  2 dart slugs (D:1)
  A leopard gecko (D:1)
  5 bats
  2 giant cockroaches
  7 goblins
  2 hobgoblins
  8 kobolds
  A ball python (D:2)
  6 frilled lizards
  A rat (D:1)
39 creatures vanquished.

Notes
Turn   | Place    | Note
-------+----------+-------------------------------------------
     0 | D:1      | Kobolds4U the Deep Elf Conjurer began the quest for the
                  | Orb.
     0 | D:1      | Reached XP level 1. HP: 10/10 MP: 6/6
    88 | D:1      | Reached skill level 3 in Stealth
   136 | D:1      | Reached XP level 2. HP: 15/15 MP: 0/8
   443 | D:1      | Reached skill level 4 in Stealth
   464 | D:1      | Learned a level 2 spell: Searing Ray
   708 | D:1      | Reached XP level 3. HP: 17/19 MP: 4/9
  1241 | D:2      | Learned a level 3 spell: Dazzling Spray
  1247 | D:2      | Found a hazy altar of Hepliaklqana.
  1286 | D:2      | Found a faded altar of an unknown god.
  1355 | D:2      | Reached skill level 5 in Stealth
  1468 | D:2      | Found a snail-covered altar of Cheibriados.
  1531 | D:2      | Reached XP level 4. HP: 24/24 MP: 9/11
  1816 | D:2      | Slain by an adder

Levels and vault maps discovered:
D:1:      scummos_arrival_gate, layout_basic
D:2:      layout_loops_ring, lemuel_coloured_pillars_altar, lemuel_round_altar,
          chequers_ecumenical_altar_simple_redux, first_ration,
          uniq_crazy_yiuf_cottage

Skill      XL: |  1  2  3 |
---------------+----------+-----
Stealth        | 3 4 5 |  5.2
Dodging        | |  2.4
Spellcasting   | |  3.8
Conjurations   | |  4.3

Action                   |  1- 3 |  4- 6 || total
-------------------------+-------+-------++-------
Melee: Unarmed           |     2 |       ||     2
       Short sword       |       |    12 ||    12
 Cast: Magic Dart        |    58 |    11 ||    69
       Searing Ray       |       |     1 ||     1
  Use: Potion            |       |     2 ||     2
 Stab: Sleeping          |     2 |     2 ||     4
  Eat: Chunk             |     2 |       ||     2
Armor: Robe              |     1 |     9 ||    10
Dodge: Dodged            |     4 |    38 ||    42
